 Dungeon Crawl Stone Soup version 0.17-a0-1575-g9a29ec8 (webtiles) character file.

53 urechis the Cudgeler (level 3, -12/37 HPs)
             Began as an Ogre Gladiator on July 26, 2015.
             Mangled by cmdexe's ghost (14 damage)
             ... on level 3 of the Dungeon.
             The game lasted 00:01:36 (1420 turns).

urechis the Cudgeler (Ogre Gladiator)               Turns: 1420, Time: 00:01:37

Health: -12/37     AC:  3    Str: 25    XL:     3   Next: 89%
Magic:  3/3        EV: 10    Int:  7    God:
Gold:   164        SH:  0    Dex: 11    Spells: 0 memorised, 2 levels left

rFire  . . .     SeeInvis .     a - +0 flail
rCold  . . .     Clarity  .     b - +0 robe
rNeg   . . .     SustAt   .     (no shield)
rPois  .         Gourm    .     c - +0 hat
rElec  .         Spirit   .     (no cloak)
rCorr  .         Warding  .     (gloves unavailable)
rMut   .         Stasis   .     (boots unavailable)
MR     .....                    (no amulet)
Stlth  +.........               (no ring)
                                f - +5 ring of strength

@: not resistant to hostile enchantments, very unstealthy
A: unfitting armour, tough skin 1
a: no special abilities


You were on level 3 of the Dungeon.
You were near starving.

You visited 1 branch of the dungeon, and saw 3 of its levels.

You collected 164 gold pieces.

Inventory:

Hand weapons
 a - a +0 flail (weapon)
Missiles
 d - 3 throwing nets (quivered)
Armour
 b - a +0 robe (worn)
 c - a +0 hat (worn)
Jewellery
 f - a +5 ring of strength (left hand)
 g - an uncursed ring of ice {unknown}
Scrolls
 h - a scroll of enchant armour {unknown}
 j - a scroll of identify {unknown}
 m - a scroll of amnesia {unknown}
 o - 3 scrolls of teleportation {unknown}
 r - a scroll of recharging {unknown}
 v - 2 scrolls of remove curse {unknown}
Potions
 i - a potion of resistance {unknown}
 k - a potion of cure mutation {unknown}
 l - a potion of ambrosia {unknown}
 p - a potion of cancellation {unknown}
 s - a potion of brilliance {unknown}
 t - a potion of curing {unknown}
 u - a potion of haste {unknown}
 x - a potion of poison {unknown}
Comestibles
 e - 3 bread rations
 n - a meat ration
 q - a slice of pizza


   Skills:
 + Level 3.5 Fighting
 * Level 5.7 Maces & Flails
 - Level 2.1 Throwing
 - Level 2.6 Dodging


You had 2 spell levels left.
You didn't know any spells.

Dungeon Overview and Level Annotations

Branches:
Dungeon (3/15)

Altars:
The Shining One

Annotations:
D:3 cmdexe's ghost, average GrGl


Innate Abilities, Weirdness & Mutations

You are too large for most types of armour.
You have tough skin (AC +1).


Message History

You throw a javelin. The javelin hits cmdexe's ghost!
Cmdexe's ghost is heavily damaged.
You thump cmdexe's ghost!
Cmdexe's ghost is almost destroyed.
Cmdexe's ghost closely misses you.
You hit cmdexe's ghost.
Cmdexe's ghost is almost destroyed.
Cmdexe's ghost hits you! x2
* * * LOW HITPOINT WARNING * * *
You miss cmdexe's ghost.
Cmdexe's ghost is almost destroyed.
Cmdexe's ghost hits you!
* * * LOW HITPOINT WARNING * * *
You hit cmdexe's ghost but do no damage.
Cmdexe's ghost is almost destroyed.
Cmdexe's ghost completely misses you.
You barely miss cmdexe's ghost.
Cmdexe's ghost is almost destroyed.
Cmdexe's ghost hits you!
You die...

#.### ######.### #...#
#........# #.#.#
#......#.#
#.#.######...#.#
##.#.......)..#.#
.#.########.#.#.#
.#.########.#.#.#
.#..........#.#.#####
.#..........#.#.@...#
....#...........W##....#
.#..#.#######..... ...
.#..#.#.....#.##.## #
.#..#.#.###.#.##(#
....#.#.# #.#. #..
...<#.#.###.# ...
...##.......# ##(
........#####..


You could see cmdexe's ghost.

Vanquished Creatures
  An adder (D:2)
  An ooze (D:2)
  3 giant geckos
  A ball python (D:2)
  A giant cockroach (D:2)
  4 hobgoblins
  5 kobolds
  6 bats
  6 goblins
  2 quokkas
  7 rats
37 creatures vanquished.

Notes
Turn   | Place    | Note
--------------------------------------------------------------
     0 | D:1      | urechis the Ogre Gladiator began the quest for the Orb.
     0 | D:1      | Reached XP level 1. HP: 22/22 MP: 1/1
   150 | D:1      | Reached XP level 2. HP: 26/29 MP: 2/2
   632 | D:2      | Reached skill level 5 in Maces & Flails
   642 | D:2      | Found a glowing golden altar of the Shining One.
   699 | D:2      | Reached XP level 3. HP: 29/37 MP: 3/3
  1410 | D:3      | Noticed cmdexe's ghost (average GrGl)
  1420 | D:3      | Mangled by cmdexe's ghost

Vault maps used:
D:1:      lemuel_arrival_behind_the_door_small, serial_glass, glass_columns_b,
          glass_columns_b
D:2:      tso_oasis_becter
D:3:      st_stairs_14, uniq_natasha

Action                   || total
-------------------------++-------
Melee: Flail             ||    92
Throw: Javelin           ||     4
 Stab: Sleeping          ||     1
